 Dungeon Crawl Stone Soup version 0.29.0-11-gd7f09526c8 (console) character file.

Game seed: 6942074368475849624

39 jejorda2 the Poker (level 3, -9/30 HPs)
             Began as a Merfolk Monk on Sept 5, 2022.
             Mangled by an iguana (10 damage)
             ... on level 4 of the Dungeon.
             The game lasted 00:02:39 (1140 turns).

jejorda2 the Poker (Merfolk Monk)                   Turns: 1140, Time: 00:02:39

Health: -9/30      AC:  8    Str: 13    XL:     3   Next: 47%
Magic:  3/3        EV: 10    Int:  9    God:
Gold:   78         SH:  0    Dex: 16    Spells: 2/2 levels left

rFire   . . .      SeeInvis .   a - +0 spear
rCold   . . .      Faith    .   (no shield)
rNeg    . . .      Spirit   .   d - +0 scale mail
rPois   .          Reflect  .   (no helmet)
rElec   .          Harm     .   (no cloak)
rCorr   +          Rampage  .   f - +1 pair of gloves
Will    .....                   (no boots)
Stlth   +.........              (no amulet)
HPRegen 0.10/turn               k - ring of resist corrosion
MPRegen 0.08/turn               (no ring)

@: brilliant, attractive
A: (nimble swimmer 2), mertail
a: no special abilities


You were on level 4 of the Dungeon.
You visited 1 branch of the dungeon, and saw 3 of its levels.

You collected 78 gold pieces.

Inventory:

Hand Weapons
 a - a +0 spear (weapon)
Missiles
 l - 6 stones (quivered)
Armour
 d - a +0 scale mail (worn)
 f - a +1 pair of gloves (worn)
Jewellery
 k - a ring of resist corrosion (left hand)
 q - a ring of positive energy
Scrolls
 n - a scroll of torment {unknown}
Potions
 b - 2 potions of curing
 c - a potion of ambrosia
 j - a potion of magic {unknown}
 o - a potion of heal wounds {unknown}
 p - a potion of might {unknown}


   Skills:
 + Level 3.7 Fighting
 * Level 5.0 Polearms
 + Level 0.8 Armour
 - Level 4.0 Dodging
 - Level 2.1 Stealth


You had 2 spell levels left.
You didn't know any spells.
Your spell library contained the following spells:

 Spells                   Type           Power      Damage    Failure   Level
 Summon Small Mammal      Summ           0%         N/A       89%         1
 Call Canine Familiar     Summ           0%         N/A       99%         3
 Gell's Gravitas          Tloc           0%         N/A       99%         3
 Lesser Beckoning         Tloc           0%         N/A       99%         3
 Summon Guardian Golem    Hex/Summ       0%         N/A       99%         3
 Teleport Other           Tloc           0%         N/A       99%         3


Dungeon Overview and Level Annotations

Branches:
Dungeon (2/15)

Altars:


Innate Abilities, Weirdness & Mutations

((You are very nimble when in or above water. (Stealth+, EV+, Speed+++)))
Your lower body shifts to a powerful aquatic tail in water.


Message History

You hit the ufetubus.
You kill the ufetubus!
No target in view!
No target in view!
As you read the scroll labelled TOIFID GODGHEKK, it crumbles to dust.
You feel strangely unstable.
It was a scroll of teleportation.
As you read the scroll labelled HUQANA MIZUHOSCHE, it crumbles to dust.
It is a scroll of identify.
b - 2 potions of curing
As you read the scroll labelled PIMMIU OCYCU, it crumbles to dust.
It is a scroll of enchant armour.
Your +0 pair of gloves glows green for a moment.
Your surroundings suddenly seem different.
An iguana comes into view.
The iguana hisses angrily.
You hit the iguana but do no damage. The iguana closely misses you.
You hit the iguana but do no damage. The iguana closely misses you.
You hit the iguana.
The iguana is moderately wounded.
The iguana completely misses you.
You hit the iguana but do no damage.
The iguana is moderately wounded.
The iguana bites you.
You hit the iguana.
The iguana is heavily wounded.
The iguana bites you!
* * * LOW HITPOINT WARNING * * *
You hit the iguana but do no damage.
The iguana is heavily wounded.
The iguana barely misses you.
You barely miss the iguana.
The iguana is heavily wounded.
It was a potion of attraction.
You feel attractive to monsters. The iguana bites you.
* * * LOW HITPOINT WARNING * * *
It was a potion of brilliance.
You feel clever all of a sudden. The iguana bites you!
You die...

############
.......@...#
........l...#
..####....#....
#......###
#.....##
####.## .# ..


You could see an iguana.

Vanquished Creatures
  An ufetubus (D:4)
  A dart slug (D:1)
  A bat (D:1)
  5 endoplasms
  A giant cockroach (D:1)
  3 hobgoblins (D:1)
  4 jackals (D:1)
  6 ball pythons
  A frilled lizard (D:1)
  3 goblins (D:1)
  A kobold (D:2)
27 creatures vanquished.

Notes
Turn   | Place    | Note
-------+----------+-------------------------------------------
     0 | D:1      | jejorda2 the Merfolk Monk began the quest for the Orb.
     0 | D:1      | Reached XP level 1. HP: 18/18 MP: 1/1
   174 | D:1      | Reached XP level 2. HP: 21/24 MP: 2/2
   556 | D:1      | Reached XP level 3. HP: 26/29 MP: 3/3
  1051 | D:2      | Reached skill level 5 in Polearms
  1116 | D:2      | You fall into a shaft and drop 2 floors!
  1139 | D:4      | HP: 1/30 [iguana (5)]
  1140 | D:4      | Mangled by an iguana

Illustrated notes

Levels and vault maps discovered:
D:1:      psy_arrival_basics, layout_rooms, nrook_campfire, minmay_distorted
D:2:      layout_basic, shapermc_ecumenical_altar_pompeii, minmay_tetromino_s2
D:4:      layout_loops_ring, amcnicky_mini_corridor_feature, minivault_24,
          minmay_unequal

Skill      XL: |  1  2  3 |
---------------+----------+-----
Polearms       | 5 |  5.0
Fighting       | |  3.7
Armour         | |  0.8
Dodging        | |  4.0
Stealth        | |  2.1

Action                   || total
-------------------------++-------
Melee: Spear             ||   112
  Use: Scroll            ||     3
       Potion            ||     2
 Stab: Sleeping          ||     1
Armor: Scale mail        ||    39
Dodge: Dodged            ||    49
